 Dungeon Crawl Stone Soup version 0.25.1-2-g60ff931df9 (webtiles) character file.

Game seed: 6420687435020104867

15719 hawla the Carver (level 12, -2/159 HPs)
             Began as a Minotaur Berserker on Oct 1, 2020.
             Was a High Priest of Trog.
             Slain by a freezing wraith (5 damage)
             ... led by a death knight
             ... on level 12 of the Dungeon on Oct 2, 2020.
             The game lasted 00:33:59 (9719 turns).

hawla the Carver (Minotaur Berserker)               Turns: 9719, Time: 00:33:59

Health: -2/159     AC: 26    Str: 26    XL:     12   Next: 3%
Magic:  11/11      EV:  2    Int:  4    God:    Trog [*****.]
Gold:   640        SH:  0    Dex: 23    Spells: 11/11 levels left

rFire    + . .     SeeInvis .   i - +8 demon blade "Leech" {vamp, *Rage +Rage rN+}
rCold    + . .     Gourm    .   (no shield)
rNeg     + + +     Faith    .   (armour currently unavailable)
rPois    +         Spirit   .   (helmet currently unavailable)
rElec    +         Reflect  .   (cloak currently unavailable)
rCorr    +         Harm     .   (gloves currently unavailable)
MR       .....     Rnd*Rage +   (boots currently unavailable) Stlth ++........NoTele +
                                n - amulet of regeneration
HPRegen  0.76/turn              b - +6 ring of dexterity
MPRegen  0.12/turn              t - +6 ring of dexterity

@: tree-form, resistant, very slightly contaminated
A: (retaliatory headbutt), sense surroundings 1
a: Berserk, Trog's Hand, Brothers in Arms, Renounce Religion, Evoke Berserk Rage


You were on level 12 of the Dungeon.
You worshipped Trog.
Trog was extremely pleased with you.
You were hungry.
You were a tree.
You visited 2 branches of the dungeon, and saw 13 of its levels.

You collected 640 gold pieces.

Inventory:

Hand Weapons
 i - the +8 demon blade "Leech" (weapon) {vamp, *Rage +Rage rN+}
   (You took it off an orc on level 4 of the Dungeon)

   It inflicts no extra harm, but heals its wielder when it wounds a living foe.
   It protects you from negative energy.
   It lets you go berserk.
   It may make you go berserk in combat.
 u - a +0 broad axe
 I - the +7 mace of Variability {chain chaos}
   (You found it on level 10 of the Dungeon)

   Each time it hits an enemy it has a different, random effect.
Missiles
 p - 51 poisoned darts (quivered)
 D - 24 boomerangs
 F - 6 silver javelins
Armour
 f - a +0 pair of gloves (melded)
 s - a +2 cloak of stealth (melded)
 A - the +6 chain mail "Nueddasch" (melded) {rElec}
   (You found it on level 6 of the Dungeon)

   It insulates you from electricity.
Jewellery
 b - a +6 ring of dexterity (left branch)
 h - an uncursed ring of resist corrosion
 l - an uncursed ring of protection from fire
 n - an amulet of regeneration (around neck)
 t - a +6 ring of dexterity (right branch)
Wands
 d - a wand of paralysis (8)
 m - a wand of random effects (36)
 r - a wand of flame (26)
 w - a wand of digging (9)
 x - a wand of iceblast (8)
Scrolls
 e - 8 scrolls of remove curse
 g - 3 scrolls of fog
 j - a scroll of identify
 k - 2 scrolls of blinking
 q - a scroll of teleportation
 y - 4 scrolls of magic mapping
 G - a scroll of holy word
Potions
 a - a potion of cancellation
 C - a potion of lignification
Comestibles
 c - 25 rations


   Skills:
 + Level 9.9 Fighting
 + Level 11.0 Long Blades
 + Level 5.1(8.4) Axes
 + Level 10.3(11.0) Maces & Flails
   Level 3.2(7.3) Staves
 + Level 4.3 Throwing
 + Level 7.7 Armour
 * Level 10.5 Dodging
 * Level 1.6 Stealth


You had 11 spell levels left.
You didn't know any spells.
Your spell library was empty.

Dungeon Overview and Level Annotations

Branches:
Dungeon (12/15)            Temple (1/1) D:7            Lair (0/6) D:11
    Orc (0/2) D:11

Altars:
Hepliaklqana
Makhleb
Okawaru
Ru
Trog
Uskayaw
Xom
Yredelemnul

Shops:
D:6 (


Innate Abilities, Weirdness & Mutations

((You reflexively headbutt those who attack you in melee.))
((You have a pair of horns on your head.))
((You are partially covered in large bone plates. (SH +4)))
You passively map a small area around you.


Message History

The freezing wraith is heavily damaged.
The freezing wraith hits you but does no damage.
The freezing wraith barely misses you.
Evoke which item? (* to show all) (? for menu, Esc to quit)
Aiming: Throw Flame
Press: ? - help, Shift-Dir - straight line, f/p - freezing wraith
Aim: a freezing wraith (heavily damaged)
The puff of flame misses the freezing wraith.
The freezing wraith hits you.
* * * LOW HITPOINT WARNING * * *
The freezing wraith freezes you! You resist.
* * * LOW HITPOINT WARNING * * *
The freezing wraith hits you but does no damage.
Unknown command.
Okay, then.
You are too injured to fight recklessly!
You barely miss the freezing wraith.
The freezing wraith is heavily damaged.
The freezing wraith hits you.
You die...

.....#
###'####......# ###
.....# #..#
###†######## #
.....# ##.#
#.)......# # .....#
#.# #........##### #
.._..# #.#
#............. #
.....#
#.#####.............
# .....#
#..#.....#####......
# ...### ##.#..W..#
?..... # ...#
#.#.♣...# ..... #
...# #.#.....#
*,..... # .#
#..###+## .... #
#......# ,....,
#......# * **
######### #......# *
#..)....# #........,
#.......# #.........
'...<...# ###+#.....


You could see a freezing wraith.

Vanquished Creatures
  A death knight (D:12)
  3 two-headed ogres
  A phantasmal warrior (D:12)
  2 ugly things
  Maurice (D:12)
  Psyche (D:9)
  A komodo dragon (shapeshifter) (D:12)
  A kobold demonologist (D:10)
  A hornet (D:12)
  3 trolls
  A merfolk (D:9)
  Grinder (D:4)
  2 hippogriffs (D:7)
  Sigmund (D:4)
  A wyvern (D:11)
  A human (shapeshifter) (D:10)
  4 yaks (D:11)
  3 hungry ghosts
  2 chaos spawn (D:10)
  Menkaure (D:4)
  Edmund (D:5)
  An acid dragon (D:11)
  7 orc warriors
  An ice beast (D:11)
  A black bear (D:7)
  A sky beast (D:11)
  2 eyes of draining
  2 necrophages
  2 phantoms
  8 ogres
  3 centaurs
  13 big kobolds
  Blork the orc (D:4)
  13 bullfrogs
  4 scorpions
  2 water moccasin skeletons
  17 killer bees
  A howler monkey (D:4)
  3 wights (D:10)
  2 bullfrog zombies
  7 crimson imps
  A centaur zombie (D:6)
  7 hounds
  A jelly (D:8)
  7 orc priests
  Crazy Yiuf (D:3)
  10 orc wizards
  A centaur skeleton (D:9)
  Ijyb (D:5)
  A bullfrog skeleton (D:10)
  2 iguanas
  6 worker ants
  Natasha (thrice) (D:3)
  A hound zombie (D:7)
  A hound skeleton (D:11)
  A worker ant zombie (D:11)
  17 adders
  7 gnolls
  2 shadow imps
  An ooze (D:6)
  A worm (D:4)
  2 adder skeletons
  A dart slug (D:3)
  10 leopard geckos
  41 orcs
  2 giant cockroaches
  6 goblins
  11 hobgoblins
  9 jackals
  19 kobolds
  A quokka (D:3)
  A ball python (D:1)
  5 bats
  7 frilled lizards
  A jackal zombie (D:6)
  A quokka skeleton (D:6)
  7 rats
320 creatures vanquished.

Vanquished Creatures (others)
  A big kobold (D:10)
  A kobold (D:10)
2 creatures vanquished.

Grand Total: 322 creatures vanquished

Notes
Turn   | Place    | Note
-------+----------+-------------------------------------------
     0 | D:1      | hawla the Minotaur Berserker began the quest for the Orb.
     0 | D:1      | Reached XP level 1. HP: 19/19 MP: 0/0
   177 | D:1      | Reached XP level 2. HP: 25/27 MP: 1/1
   936 | D:2      | Found a hazy altar of Hepliaklqana.
   981 | D:2      | Found a shimmering altar of Xom.
  1160 | D:2      | Reached XP level 3. HP: 30/33 MP: 2/2
  1655 | D:3      | Found a hide-covered altar of Uskayaw.
  1655 | D:3      | Noticed a +0 dagger
  1655 | D:3      | Noticed a +0 dagger
  1775 | D:3      | Reached ** piety under Trog
  1775 | D:3      | Reached XP level 4. HP: 39/41 MP: 3/3
  1843 | D:3      | Noticed Natasha
  1850 | D:3      | Killed Natasha
  1972 | D:3      | Reached skill level 1 in Axes
  2061 | D:3      | Noticed Natasha
  2072 | D:3      | Killed Natasha
  2072 | D:3      | Reached XP level 5. HP: 10/47 MP: 4/4
  2072 | D:3      | Reached skill level 5 in Fighting
  2376 | D:3      | Found a runed translucent door.
  2377 | D:3      | Noticed Crazy Yiuf
  2377 | D:3      | Noticed Natasha
  2544 | D:4      | Gained mutation: You are partially covered in large bone
                  | plates. (SH +4) [potion of mutation]
  2544 | D:4      | Gained mutation: You passively map a small area around you.
                  | [potion of mutation]
  2551 | D:4      | Found a basalt altar of Yredelemnul.
  2554 | D:4      | Found a bloodstained altar of Trog.
  2606 | D:4      | Noticed Blork the orc
  2616 | D:4      | Killed Blork the orc
  2629 | D:4      | Reached XP level 6. HP: 51/56 MP: 5/5
  2755 | D:4      | Noticed Sigmund
  2762 | D:4      | Killed Sigmund
  2762 | D:4      | Reached skill level 1 in Long Blades
  2765 | D:4      | Reached skill level 1 in Throwing
  2765 | D:4      | Reached skill level 5 in Dodging
  2768 | D:4      | Reached XP level 7. HP: 61/61 MP: 6/6
  2769 | D:4      | Reached skill level 2 in Long Blades
  2852 | D:4      | Noticed Menkaure
  2859 | D:4      | Killed Menkaure
  2859 | D:4      | Reached *** piety under Trog
  2859 | D:4      | Reached skill level 3 in Long Blades
  3041 | D:4      | Noticed Grinder
  3048 | D:4      | Killed Grinder
  3048 | D:4      | Reached skill level 4 in Long Blades
  3048 | D:4      | Reached XP level 8. HP: 55/70 MP: 7/7
  3372 | D:5      | Entered Level 5 of the Dungeon
  3399 | D:5      | Noticed Edmund
  3404 | D:5      | Killed Edmund
  3442 | D:5      | Noticed Ijyb
  3444 | D:5      | Killed Ijyb
  3444 | D:5      | Reached skill level 5 in Long Blades
  3921 | D:6      | Reached skill level 6 in Long Blades
  3925 | D:6      | Got a distressingly furry chain mail
  4148 | D:6      | Reached skill level 7 in Long Blades
  4201 | D:6      | Reached XP level 9. HP: 78/78 MP: 8/8
  4271 | D:6      | Reached skill level 5 in Maces & Flails
  4600 | D:6      | Found Lipimym Masa's Weapon Shoppe.
  4781 | D:3      | Killed Crazy Yiuf
  4787 | D:3      | Killed Natasha
  4960 | D:7      | Noticed a purple ugly thing
  5150 | D:7      | Reached **** piety under Trog
  5165 | D:7      | Reached skill level 8 in Long Blades
  5282 | D:7      | Killed a purple ugly thing
  5282 | D:7      | Reached skill level 5 in Axes
  5282 | D:7      | Reached skill level 5 in Armour
  5360 | D:7      | Reached skill level 9 in Long Blades
  5381 | D:7      | Found a sacrificial altar of Ru.
  5407 | D:7      | Found a staircase to the Ecumenical Temple.
  5553 | D:7      | Reached XP level 10. HP: 88/88 MP: 9/9
  5826 | D:7      | Identified the +6 chain mail "Nueddasch" {rElec} (You found
                  | it on level 6 of the Dungeon)
  5910 | D:8      | Noticed a two-headed ogre
  5921 | D:8      | Killed a two-headed ogre
  5921 | D:8      | Reached skill level 1 in Staves
  6193 | D:8      | Reached ***** piety under Trog
  6584 | D:9      | Found an iron altar of Okawaru.
  6701 | D:9      | Noticed a two-headed ogre
  6705 | D:9      | Killed a two-headed ogre
  6705 | D:9      | Reached skill level 10 in Long Blades
  6725 | D:9      | Noticed Psyche
  6733 | D:9      | Killed Psyche
  6923 | D:9      | Received a gift from Trog
  7332 | D:10     | Entered Level 10 of the Dungeon
  7394 | D:10     | Reached XP level 11. HP: 82/95 MP: 10/10
  7404 | D:10     | Found the +7 mace of Variability {chain chaos}
  7406 | D:10     | Found a shimmering altar of Xom.
  7582 | D:10     | Reached skill level 11 in Long Blades
  7719 | D:10     | Found a bloodstained altar of Trog.
  8266 | Temple   | Entered the Ecumenical Temple
  8403 | D:11     | Received a gift from Trog
  8465 | D:11     | Found a staircase to the Orcish Mines.
  8570 | D:11     | Noticed a white ugly thing
  8574 | D:11     | Killed a white ugly thing
  8607 | D:11     | Reached skill level 10 in Dodging
  8869 | D:11     | Noticed a two-headed ogre
  8875 | D:11     | Killed a two-headed ogre
  8985 | D:11     | Found a staircase to the Lair.
  9121 | D:12     | Noticed Maurice
  9131 | D:12     | Killed Maurice
  9185 | D:12     | Found a burning altar of Makhleb.
  9512 | D:12     | Reached skill level 1 in Stealth
  9607 | D:12     | Reached skill level 10 in Maces & Flails
  9609 | D:12     | Noticed a death knight
  9618 | D:12     | Killed a death knight
  9686 | D:12     | Noticed a phantasmal warrior
  9700 | D:12     | Killed a phantasmal warrior
  9700 | D:12     | Reached XP level 12. HP: 41/106 MP: 11/11
  9718 | D:12     | HP: 2/159 [freezing wraith[a death knight] (8)]
  9719 | D:12     | Slain by a freezing wraith

Illustrated notes

Levels and vault maps discovered:
D:1:      lordsloth_arrival_two_stooges, layout_basic
D:2:      layout_loops_cross, xom_butterflies, nicolae_overflow_hidden_temple
D:3:      layout_loops_ring, dancing_weapons_uskayaw, minmay_stone_trees_small,
          uniq_crazy_yiuf_cottage, uniq_natasha
D:4:      layout_basic, grunt_temple_overflow_open, first_ration, uniq_menkaure,
          uniq_grinder, uniq_sigmund, uniq_blork_the_orc
D:5:      layout_loops_cross, uniq_ijyb, uniq_edmund
D:6:      layout_cave_pods, serial_shops,
          nicolae_shop_temple_entry_statues_fountains
D:7:      layout_basic, lemuel_crystal_altar, minmay_temple_entry_offerings
D:8:      layout_loops_ring
D:9:      layout_gridville, lemuel_doored_altar, hangedman_fish_farm,
          chequers_serial_rivers_micro_a, chequers_serial_rivers_small_b,
          uniq_psyche
D:10:     layout_basic, basic_altar, special_room [special_room_kobold],
          minmay_guarded_unrand_variability
D:11:     layout_roguey, lair_entry_dummy, orc_0_dummy
D:12:     layout_basic, basic_altar, uniq_maurice
Temple:   regret_index_temple_generic_petals

Skill      XL: |  1  2  3  4  5  6  7  8  9 10 11 |
---------------+----------------------------------+-----
Maces & Flails | 4 5 6 10 | 10.3
Fighting       | 4 5 6 7 8 9 |  9.9
Dodging        | 3 4 5 6 8 9 10 | 10.5
Axes           | 1 2 3 4 5 |  5.1
Long Blades    | 1 4 7 9 10 11 | 11.0
Throwing       | 1 2 3 4 |  4.3
Armour         | 3 4 5 6 7 |  7.7
Staves         | 2 3 |  3.2
Stealth        | 1 |  1.6

Action                   |  1- 3 |  4- 6 |  7- 9 | 10-12 || total
-------------------------+-------+-------+-------+-------++-------
Melee: Mace              |    38 |    11 |    25 |    45 ||   119
       Headbutt          |    11 |     9 |    40 |    92 ||   152
       Long sword        |    22 |     8 |       |       ||    30
       Hand axe          |    36 |    17 |       |       ||    53
       Battleaxe         |       |     3 |     8 |       ||    11
       Demon blade       |       |     8 |   124 |    88 ||   220
       Quarterstaff      |       |       |    13 |    16 ||    29
       Flail             |       |       |     9 |       ||     9
       Lajatang          |       |       |       |    14 ||    14
       Great mace        |       |       |       |   181 ||   181
       Broad axe         |       |       |       |     7 ||     7
Throw: Dart              |       |    13 |    14 |    10 ||    37
       Boomerang         |       |       |     1 |     4 ||     5
Invok: Berserk           |       |     1 |       |       ||     1
       Trog's Hand       |       |     1 |       |       ||     1
Evoke: Wand              |       |       |       |     5 ||     5
  Use: Scroll            |     7 |     1 |     8 |     5 ||    21
       Potion            |     1 |     1 |       |     6 ||     8
  Eat: Chunk             |     3 |     3 |     4 |    12 ||    22
       Ration            |       |     1 |     1 |     1 ||     3
Armor: Animal skin       |    14 |       |       |       ||    14
       Leather armour    |     1 |     6 |     4 |       ||    11
       Ring mail         |       |       |    12 |       ||    12
       Scale mail        |       |       |    24 |       ||    24
       Chain mail        |       |       |       |   145 ||   145
       Skin              |       |       |       |    12 ||    12
Dodge: Dodged            |    66 |    32 |   128 |   286 ||   512
Block: Other             |       |     6 |    33 |    68 ||   107
       Rpst.: Long sword |     5 |     1 |       |       ||     6
       Demon blade       |       |       |    24 |     9 ||    33
